 Dungeon Crawl Stone Soup version 0.25.0-46-gbd7b0854d2 (webtiles) character file.

Game seed: 4715537386545568707

566 Jimbable the Spear-Bearer (level 7, -4/52 HPs)
             Began as a Merfolk Gladiator on July 16, 2020.
             Was a Follower of Okawaru.
             Slain by a human zombie (6 damage)
             ... in an ossuary.
             The game lasted 00:08:58 (4858 turns).

Jimbable the Spear-Bearer (Merfolk Gladiator)       Turns: 4858, Time: 00:08:58

Health: -4/52      AC:  4    Str: 16    XL:     7   Next: 32%
Magic:  7/7        EV: 15    Int:  8    God:    Okawaru [*.....]
Gold:   185        SH:  0    Dex: 15    Spells: 6/6 levels left

rFire    . . .     SeeInvis .   a - +0 trident
rCold    . . .     Gourm    .   (no shield)
rNeg     . . .     Faith    .   b - +0 leather armour
rPois    +         Spirit   .   c - +0 helmet
rElec    .         Reflect  .   (no cloak)
rCorr    +         Harm     .   (no gloves)
MR       .....                  (no boots)
Stlth    ++........             (no amulet)
HPRegen  0.17/turn              z - ring of resist corrosion
MPRegen  0.10/turn              m - ring of poison resistance

@: no status effects
A: change form in water, swift swim, stealthy swim
a: Heroism, Renounce Religion


You were in an ossuary.
You worshipped Okawaru.
Okawaru was aware of your devotion.
You were hungry.

You visited 2 branches of the dungeon, and saw 6 of its levels.
You also visited: Ossuary.

You collected 185 gold pieces.

Inventory:

Hand Weapons
 a - a +0 trident (weapon)
Missiles
 r - 10 javelins (quivered)
Armour
 b - a +0 leather armour (worn)
 c - a +0 helmet (worn)
Jewellery
 g - an uncursed ring of protection from fire
 m - a ring of poison resistance (right hand)
 w - an uncursed ring of protection from cold
 z - a ring of resist corrosion (left hand)
Scrolls
 e - 4 scrolls of identify
 h - 2 scrolls of amnesia {unknown}
 i - 2 scrolls of remove curse
 n - a scroll of fog {unknown}
 o - 3 scrolls of enchant armour {unknown}
 q - a scroll of enchant weapon {unknown}
 t - 3 scrolls of teleportation {unknown}
 u - 2 scrolls of magic mapping {unknown}
 x - a scroll of random uselessness {unknown}
 y - a scroll of fear {unknown}
 A - a scroll of blinking {unknown}
Potions
 j - a potion of haste {unknown}
 k - a potion of magic {unknown}
 l - 2 potions of curing {unknown}
 p - a potion of stabbing {unknown}
 s - 2 potions of brilliance {unknown}
 v - a potion of invisibility {unknown}
Comestibles
 f - 3 rations


   Skills:
 + Level 3.5 Fighting
 + Level 8.2 Polearms
 + Level 2.4 Throwing
 + Level 2.1 Armour
 + Level 5.5 Dodging
 + Level 2.5 Stealth


You had 6 spell levels left.
You didn't know any spells.
Your spell library was empty.

Dungeon Overview and Level Annotations

Branches:
Dungeon (5/15)             Temple (1/1) D:4         Ossuary (1/1)

Altars:
Cheibriados
Elyvilon
Fedhas
Makhleb
Nemelex Xobeh
Okawaru
Qazlal
Ru
Sif Muna
Trog
Uskayaw
Vehumet
Wu Jian
Xom
Yredelemnul
The Shining One


Message History

Okawaru accepts your kill.
Throwing (i - inventory)
r - 12 javelins (quivered)
Press: ? - help, Shift-Dir - straight line, f - human zombie
Aim: a human zombie You throw a javelin.
The javelin pierces through the human zombie.
The human zombie is lightly damaged.
The javelin pierces through the centaur zombie!
The centaur zombie is almost destroyed.
The human zombie completely misses you.
Throwing (i - inventory)
r - 11 javelins (quivered)
Press: ? - help, Shift-Dir - straight line, f/p - human zombie
Aim: a human zombie (lightly damaged)
You throw a javelin.
The javelin barely misses the human zombie.
The centaur zombie hits you.
* * * LOW HITPOINT WARNING * * *
The centaur zombie closely misses you. The centaur zombie closely misses you.
The human zombie hits you.
You die...

###(### #(#
###.###
##.....##
#.......#
##...∩...##
+...∩∩∩...+
##..ZZ...##
#...@...#
##.....##
###.### #+#


You could see a centaur zombie and a human zombie.

Vanquished Creatures
  2 ogres (D:4)
  An elf zombie (Ossuary)
  A crimson imp (D:5)
  A centaur zombie (Ossuary)
  A hound (D:4)
  4 worker ants (D:4)
  A mummy (Ossuary)
  5 adders
  An ooze (D:2)
  2 worms
  A dart slug (D:1)
  A leopard gecko (D:3)
  2 orcs
  3 ball pythons
  3 giant cockroaches (D:1)
  10 goblins
  6 hobgoblins
  4 quokkas
  11 bats
  3 frilled lizards
  2 gnoll zombies (D:4)
  9 kobolds
  4 rats
  A plant (D:4)
79 creatures vanquished.

Notes
Turn   | Place    | Note
-------+----------+-------------------------------------------
     0 | D:1      | Jimbable the Merfolk Gladiator began the quest for the Orb.
     0 | D:1      | Reached XP level 1. HP: 16/16 MP: 1/1
    49 | D:1      | Reached XP level 2. HP: 22/22 MP: 2/2
   660 | D:1      | You fall into a shaft and drop 1 floor!
   686 | D:2      | Reached XP level 3. HP: 12/28 MP: 3/3
  1201 | D:1      | Reached skill level 5 in Polearms
  1320 | D:2      | Reached skill level 5 in Dodging
  1372 | D:2      | Reached XP level 4. HP: 27/34 MP: 4/4
  2296 | D:3      | Found a blossoming altar of Fedhas.
  2422 | D:3      | Reached skill level 1 in Armour
  2718 | D:4      | Reached skill level 1 in Stealth
  2718 | D:4      | Reached XP level 5. HP: 35/39 MP: 5/5
  2777 | D:4      | Found a staircase to the Ecumenical Temple.
  3003 | Temple   | Entered the Ecumenical Temple
  3055 | Temple   | Became a worshipper of Warmaster Okawaru
  3083 | D:4      | Found a hide-covered altar of Uskayaw.
  3084 | D:4      | Noticed a +0 hand axe
  3084 | D:4      | Noticed a +0 dagger
  3158 | D:4      | Noticed an ogre
  3173 | D:4      | Killed an ogre
  3173 | D:4      | Reached skill level 6 in Polearms
  3340 | D:4      | Reached XP level 6. HP: 28/46 MP: 6/6
  3824 | D:4      | Reached skill level 7 in Polearms
  4233 | D:4      | Reached * piety under Okawaru
  4616 | D:4      | Found a basalt altar of Yredelemnul.
  4709 | D:5      | Entered Level 5 of the Dungeon
  4728 | D:5      | Reached XP level 7. HP: 51/52 MP: 7/7
  4784 | D:5      | Found a sand-covered staircase.
  4789 | Ossuary  | Entered an ossuary
  4811 | Ossuary  | Reached skill level 8 in Polearms
  4826 | Ossuary  | HP: 2/52 [mummy (11)]
  4854 | Ossuary  | HP: 1/52 [centaur zombie (5)]
  4858 | Ossuary  | Slain by a human zombie

Illustrated notes

Levels and vault maps discovered:
D:1:      erik_arrival_triangle_small, layout_loops_ring
D:2:      layout_loops_ring, first_ration, kennysheep_cross_bottleneck
D:3:      layout_loops_ring, fedhas_ov_isle_minmay
D:4:      layout_loops_corners, lemuel_zombie_altar_yredelemnul,
          dancing_weapons_uskayaw, minmay_temple_entry_overgrown
D:5:      layout_gridville, old_standard_altar, cheibrodos_ashenzari_chains,
          serial_glass, glass_columns_a, glass_columns_b,
          nicolae_ossuary_entry_plus, uniq_eustachio
Temple:   nicolae_temple_great_sept
Ossuary:  ossuary_minmay_four_chambers

Skill      XL: |  1  2  3  4  5  6  7 |
---------------+----------------------+-----
Polearms       | 5 6 7 8 |  8.2
Dodging        | 5 |  5.5
Armour         | 1 2 |  2.1
Stealth        | 1 2 |  2.5
Fighting       | 3 |  3.5
Throwing       | |  2.4

Action                   |  1- 3 |  4- 6 |  7- 9 || total
-------------------------+-------+-------+-------++-------
Melee: Trident           |   123 |   300 |    43 ||   466
Throw: Throwing net      |       |     1 |     5 ||     6
       Javelin           |       |       |     2 ||     2
  Use: Scroll            |       |     2 |       ||     2
 Stab: Sleeping          |     2 |     8 |     1 ||    11
       Held in net/web   |       |     1 |     2 ||     3
  Eat: Chunk             |     2 |     7 |       ||     9
       Ration            |       |     1 |       ||     1
Armor: Leather armour    |    28 |    22 |     2 ||    52
Dodge: Dodged            |   100 |    70 |    14 ||   184
